 Dungeon Crawl Stone Soup version 0.29.1 (webtiles) character file.

Game seed: 10900865035058488799

40 Iusername the Trooper (level 3, -1/46 HPs)
             Began as a Palentonga Fighter on Sept 14, 2022.
             Slain by a hobgoblin (3 damage)
             ... led by Robin
             ... on level 2 of the Dungeon.
             The game lasted 00:03:16 (2102 turns).

Iusername the Trooper (Palentonga Fighter)          Turns: 2102, Time: 00:03:17

Health: -1/46      AC: 21    Str: 21    XL:     3   Next: 30%
Magic:  3/3        EV:  1    Int: 10    God:
Gold:   116        SH:  4    Dex:  9    Spells: 2/2 levels left

rFire   . . .      SeeInvis +   a - +0 long sword
rCold   . . .      Faith    .   c - +0 buckler
rNeg    . . .      Spirit   .   (body armour currently unavailable)
rPois   +          Reflect  .   (helmet currently unavailable)
rElec   .          Harm     .   (cloak currently unavailable)
rCorr   .          Rampage  .   (gloves currently unavailable)
Will    .....      NoTele   +   (no barding)
Stlth   +.........              (no amulet)
HPRegen 0.15/turn               (no ring)
MPRegen 0.08/turn               (no ring)

@: mighty, tree-form
A: stationary, stasis, torment immunity, boosted hp, large, rugged brown scales
3, see invisible, (deformed body), (roll 1), (armoured tail)
a: no special abilities


You were on level 2 of the Dungeon.
You were a tree.
You visited 1 branch of the dungeon, and saw 2 of its levels.

You collected 116 gold pieces.

Inventory:

Hand Weapons
 a - a +0 long sword (weapon)
Missiles
 k - 2 silver javelins
Armour
 b - a +0 scale mail (melded)
 c - a +0 buckler (worn)
Scrolls
 f - 2 scrolls of torment {unknown}
 h - a scroll of teleportation {unknown}
 j - 2 scrolls of identify {unknown}
 l - a scroll of amnesia
Potions
 e - a potion of resistance {unknown}
 g - a potion of curing {unknown}
 i - a potion of lignification
 m - a potion of cancellation {unknown}
 n - a potion of degeneration {unknown}


   Skills:
 + Level 3.4 Fighting
 + Level 2.3 Long Blades
 + Level 2.8 Armour
 + Level 0.1 Stealth
 + Level 3.0 Shields


You had 2 spell levels left.
You didn't know any spells.
Your spell library contained the following spells:

 Spells                   Type           Power      Damage    Failure   Level
 Blink                    Tloc           0%         N/A       56%         2
 Manifold Assault         Tloc           0%         N/A       100%        5
 Summon Forest            Summ/Tloc      0%         N/A       100%        5
 Eringya's Noxious Bog    Tmut/Pois      0%         N/A       100%        6
 Storm Form               Tmut/Air       0%         N/A       100%        7
 Summon Hydra             Summ           0%         N/A       100%        7


Dungeon Overview and Level Annotations

Branches:
Dungeon (2/15)

Altars:
Hepliaklqana

Annotations:
D:2 Robin


Innate Abilities, Weirdness & Mutations

You are a tree.
Your roots penetrate the ground, keeping you stationary.
You cannot be teleported.
You are immune to unholy pain and torment.
Your maximum health is greatly increased.
Your equipment is partially melded.
(You are completely covered in rugged brown scales. (AC +3, +7% HP))
You have supernaturally acute eyesight. (SInv)
((Armour fits poorly on your strangely shaped body.))
((You can roll at nearby foes to attack.))
((You have a long armoured tail.))


Message History

The goblin hits you but does no damage. The goblin hits you with a +0 club.
The goblin hits you with a +0 dagger.
The hobgoblin hits you but does no damage.
You are too injured to fight recklessly!
Unknown command.
You are too injured to fight recklessly!
Unknown command.
It was a potion of lignification.
You turn into a tree.
Your +0 scale mail melds into your body.
Your roots penetrate the ground.
The goblin hits you but does no damage. The goblin hits you with a +0 club.
* * * LOW HITPOINT WARNING * * *
The goblin hits you but does no damage.
The hobgoblin hits you but does no damage.
You barely miss the goblin.
The hobgoblin no longer looks unusually strong.
Robin roars a battlecry!
The hobgoblin goes into a battle-frenzy!
The goblin hits you but does no damage. The goblin completely misses you.
The goblin hits you but does no damage. The hobgoblin hits you.
* * * LOW HITPOINT WARNING * * *
As you read the scroll labelled OPYCSU HIEPUMO, it crumbles to dust.
It is a scroll of amnesia.
You feel forgetful for a moment. The goblin hits you but does no damage.
The goblin hits you with a +0 club.
* * * LOW HITPOINT WARNING * * *
The goblin hits you but does no damage.
The hobgoblin hits you but does no damage.
You closely miss the hobgoblin.
The goblin no longer looks unusually strong. x2
The goblin hits you with a +0 club.
* * * LOW HITPOINT WARNING * * *
The goblin hits you but does no damage. The goblin hits you with a +0 dagger.
* * * LOW HITPOINT WARNING * * *
The hobgoblin hits you but does no damage.
You block the goblin's attack. The goblin hits you but does no damage.
The goblin hits you with a +0 club.
* * * LOW HITPOINT WARNING * * *
The hobgoblin hits you.
You die...

... ## ... ## #. #.#
.# ## ..#.#g. #..
.#.#. . ..###ggg .. .
#...#g# .# ..###...#g#
..# #..#..$#♣#...#.
#.#.#...###ggg# #..
...#.....#...#....
#####...###...###...#
#......#...#.......#.?
#[.....#...###...###
#......#...#..#.#..#
##.......###...#.# ..#
.........#.....#.# ..


You could see Robin, a hobgoblin (strong) and 6 goblins.

Vanquished Creatures
  3 endoplasms (D:1)
  A giant cockroach (D:1)
  7 goblins
  2 hobgoblins (D:1)
  2 quokkas (D:1)
  7 ball pythons
  7 bats
  3 frilled lizards (D:2)
  A kobold (D:2)
  4 rats
37 creatures vanquished.

Notes
Turn   | Place    | Note
-------+----------+-------------------------------------------
     0 | D:1      | Iusername the Palentonga Fighter began the quest for the
                  | Orb.
     0 | D:1      | Reached XP level 1. HP: 19/19 MP: 1/1
   613 | D:1      | Found a faded altar of an unknown god.
   620 | D:1      | Reached XP level 2. HP: 25/25 MP: 2/2
  1357 | D:1      | Found a hazy altar of Hepliaklqana.
  1578 | D:2      | Reached XP level 3. HP: 31/31 MP: 3/3
  2081 | D:2      | Noticed Robin
  2102 | D:2      | HP: 2/46 [goblin/+0 club[Robin] (4)]
  2102 | D:2      | Slain by a hobgoblin

Illustrated notes

Levels and vault maps discovered:
D:1:      matt_arrival_spirals, layout_loops_ring,
          shapermc_ecumenical_altar_totnotflames, minmay_hexomino_r4
D:2:      layout_loops_ring, basic_altar, kennysheep_cross_room, nicolae_titane,
          uniq_robin

Skill      XL: |  1  2 |
---------------+-------+-----
Shields        | 3 |  3.0
Fighting       | |  3.4
Long Blades    | |  2.3
Armour         | |  2.8
Stealth        | |  0.1

Action                   || total
-------------------------++-------
Melee: Long sword        ||    95
       Tailslap          ||    12
 Abil: Rolling Charge    ||     2
  Use: Potion            ||     2
       Scroll            ||     1
Armor: Scale mail        ||    70
       Skin              ||    11
Dodge: Dodged            ||    38
Block: Buckler           ||    27
